 Dungeon Crawl Stone Soup version 0.20-a0-864-g92acfd1 (webtiles) character file.

2611 nikopol the Nimble (level 9, 0/39 HPs)
             Began as a Spriggan Conjurer on Mar 12, 2017.
             Slain by a wolf (10 damage)
             ... led by Grum
             ... on level 5 of the Dungeon.
             The game lasted 00:45:01 (9658 turns).

nikopol the Nimble (Spriggan Conjurer)              Turns: 9658, Time: 00:45:02

Health: 0/39       AC:  2    Str:  4    XL:     9   Next: 34%
Magic:  20/23      EV: 27    Int: 19    God:
Gold:   457        SH:  0    Dex: 17    Spells: 16/26 levels left

rFire    . . .     SeeInvis +   y - staff of cold
rCold    + + .     Gourm    .   a - +0 robe
rNeg     . . .     Faith    .   (shield currently unavailable)
rPois    .         Spirit   .   (helmet restricted)
rElec    .         Reflect  .   (no cloak)
rCorr    +         Harm     .   (gloves unavailable)
MR       +....                  (boots unavailable)
Stlth    ++........             (no amulet)
Regen    0.2/turn               w - ring of resist corrosion
MPRegen  0.2/turn               h - ring of protection from cold

@: very quick
A: unfitting armour, see invisible, herbivore 3, speed 3, slow metabolism 2
a: no special abilities


You were on level 5 of the Dungeon.
You were not hungry.

You visited 2 branches of the dungeon, and saw 9 of its levels.

You collected 457 gold pieces.

Inventory:

Hand Weapons
 d - a +0 whip
Armour
 a - a +0 robe (worn)
Magical Staves
 y - an uncursed staff of cold (weapon)
Jewellery
 h - a ring of protection from cold (left hand)
 p - a +3 ring of slaying
 w - a ring of resist corrosion (right hand)
Wands
 v - a wand of clouds (5/9)
Scrolls
 e - 2 scrolls of enchant armour {unknown}
 f - 2 scrolls of magic mapping {unknown}
 g - a scroll of immolation {unknown}
 i - 4 scrolls of teleportation {unknown}
 k - a scroll of noise {unknown}
 l - 2 scrolls of fog {unknown}
 q - a scroll of random uselessness {unknown}
 r - 2 scrolls of recharging {unknown}
 s - 4 scrolls of amnesia {unknown}
 u - 2 scrolls of remove curse {unknown}
 x - 2 scrolls of blinking {unknown}
 A - a scroll of enchant weapon {unknown}
Potions
 j - 2 potions of resistance
 m - a potion of might {unknown}
 o - 2 potions of haste {unknown}
 t - 3 potions of heal wounds
 z - 2 potions of flight {unknown}
 B - 2 potions of curing
 C - 2 potions of mutation {unknown}
 E - a potion of magic {unknown}
Books
 b - a book of Conjurations

   Spells                             Type                      Level
   a - Magic Dart                     Conjuration                  1
   b - Searing Ray                    Conjuration                  2
   c - Dazzling Spray                 Conjuration/Hexes            3
   d - Fulminant Prism                Conjuration/Hexes            4
   e - Force Lance                    Conjuration/Translocation    4
   f - Iskenderun's Mystic Blast      Conjuration                  4
 F - a book of Callings

   Spells                             Type                      Level
   a - Summon Small Mammal            Summoning                    1
   b - Call Imp                       Summoning                    2
   c - Call Canine Familiar           Summoning                    3
   d - Summon Guardian Golem          Hexes/Summoning              3
   e - Summon Lightning Spire         Summoning/Air                4
   f - Summon Ice Beast               Ice/Summoning                4
Comestibles
 c - 6 bread rations
 n - a royal jelly


   Skills:
 + Level 10.9 Dodging
 - Level 3.0 Stealth
 + Level 9.1 Spellcasting
 + Level 6.4 Conjurations


You had 16 spell levels left.
You knew the following spells:

 Your Spells              Type           Power        Failure   Level  Hunger
a - Magic Dart            Conj           ####         1%          1    None
b - Searing Ray           Conj           ####..       1%          2    None
c - Dazzling Spray        Conj/Hex       ###...       10%         3    None
d - Iskenderun's Mystic   Conj           ####....     8%          4    ###....


Dungeon Overview and Level Annotations

Branches:
Dungeon (8/15)             Temple (1/1) D:6
   Lair: D:8-11

Altars:
Ashenzari
Cheibriados
Dithmenos
Elyvilon
Fedhas
Gozag
Hepliaklqana
Kikubaaqudgha
Makhleb
Nemelex Xobeh
Okawaru
Qazlal
Ru
Sif Muna
Trog
Uskayaw
Wu Jian
Xom
Yredelemnul
Zin
The Shining One

Annotations:
D:5 1 runed door


Innate Abilities, Weirdness & Mutations

You are very small and have problems with some larger weapons.
You are too small for most types of armour.
You have supernaturally acute eyesight. (SInv)
You are a herbivore.
You cover ground extremely quickly.
You need consume almost no food.


Message History

The wolf misses you. The wolf barely misses you.
You climb upwards.
Level annotation: 1 runed door
There is a stone staircase leading down here.
The wolf closely misses you. The wolf completely misses you.
The wolf completely misses you.
Casting: Magic Dart
Confirm with . or Enter, or press ? or * to list all spells.
Aiming: Searing Ray
Press: ? - help, Shift-Dir - straight line, f - wolf
Aim: a wolf The searing ray hits the wolf.
The wolf is moderately wounded. (Press . to maintain the ray.)
The wolf misses you. The wolf closely misses you.
The searing ray hits the wolf.
The wolf is heavily wounded.
The wolf bites you!
You die...

.####.## #.....# ##...........
..###..## ##.....####...........#
...##...###................)...##
.................###...##.)...###
.....#..........## #...####..####
.....#...#......# #....# #......
........##......# ##....####.....
........##.#....###......###.....
....>..##.##....@h...............
..........##..<...........####..#
.........................## #.)#
..>..............#.......#####.#)
...........................##..##
............................#.###
..............................#
.............................##
.............................#


You could see a wolf.

Vanquished Creatures
  A hippogriff (D:8)
  Sigmund (D:4)
  Eustachio (D:4)
  An ice beast (D:5)
  2 phantoms
  A necrophage (D:5)
  2 ogres (D:6)
  3 centaurs
  2 bullfrogs
  A gnoll sergeant (D:6)
  4 howler monkeys
  A crimson imp (D:7)
  A bullfrog zombie (D:6)
  7 hounds
  2 orc priests
  A bullfrog skeleton (D:6)
  A centaur skeleton (D:4)
  A jelly (D:5)
  An iguana (D:7)
  Natasha (thrice) (D:2)
  4 orc wizards
  5 worker ants
  4 gnolls (D:6)
  A howler monkey zombie (D:5)
  9 adders
  2 shadow imps
  5 oozes
  2 adder zombies
  5 worms
  3 dart slugs
  4 leopard geckos
  21 orcs
  A ball python (D:4)
  6 giant cockroaches
  6 hobgoblins
  2 jackals (D:2)
  2 quokkas
  7 bats
  6 frilled lizards
  5 goblins
  4 kobolds
  3 rats
144 creatures vanquished.

Notes
Turn   | Place    | Note
-------+----------+-------------------------------------------
     0 | D:1      | nikopol the Spriggan Conjurer began the quest for the Orb.
     0 | D:1      | Reached XP level 1. HP: 9/9 MP: 5/5
   338 | D:1      | Reached XP level 2. HP: 13/13 MP: 5/7
   545 | D:1      | Learned a level 2 spell: Searing Ray
   675 | D:1      | Reached XP level 3. HP: 16/16 MP: 2/8
   904 | D:1      | Reached skill level 4 in Dodging
   994 | D:2      | Noticed Natasha
  1012 | D:2      | Killed Natasha
  1368 | D:2      | Reached XP level 4. HP: 21/21 MP: 3/10
  1702 | D:2      | Noticed Natasha
  1708 | D:2      | Killed Natasha
  2005 | D:2      | Noticed Natasha
  2013 | D:2      | Killed Natasha
  2013 | D:2      | Reached skill level 5 in Dodging
  2013 | D:2      | Reached XP level 5. HP: 24/24 MP: 3/12
  3102 | D:4      | Noticed Sigmund
  3139 | D:4      | Killed Sigmund
  3139 | D:4      | Reached skill level 6 in Dodging
  3139 | D:4      | Reached XP level 6. HP: 24/28 MP: 4/14
  3179 | D:4      | Learned a level 3 spell: Dazzling Spray
  3184 | D:4      | Learned a level 4 spell: Iskenderun's Mystic Blast
  3198 | D:4      | Reached skill level 5 in Spellcasting
  3427 | D:4      | Reached skill level 7 in Dodging
  3427 | D:4      | Reached XP level 7. HP: 25/32 MP: 1/16
  3927 | D:4      | Noticed Eustachio
  3976 | D:4      | Killed Eustachio
  4455 | D:5      | Entered Level 5 of the Dungeon
  4565 | D:5      | Found a blossoming altar of Fedhas.
  4614 | D:5      | Reached skill level 8 in Dodging
  4686 | D:5      | Found a glowing golden altar of the Shining One.
  4686 | D:5      | Found a runed door.
  4686 | D:5      | Noticed an angel
  4709 | D:5      | Reached skill level 5 in Conjurations
  5032 | D:5      | Reached XP level 8. HP: 27/36 MP: 2/19
  5776 | D:5      | Reached skill level 9 in Dodging
  6046 | D:5      | Found a shimmering altar of Xom.
  6503 | D:6      | Found a staircase to the Ecumenical Temple.
  6520 | Temple   | Entered the Ecumenical Temple
  6789 | D:6      | Found a white marble altar of Elyvilon.
  7229 | D:6      | Reached skill level 10 in Dodging
  7864 | D:6      | Reached XP level 9. HP: 39/39 MP: 15/22
  9458 | D:8      | HP: 1/39 [hippogriff (8)]
  9658 | D:5      | Slain by a wolf

Vault maps used:
D:1:      scummos_arrival_simple_crosswalls, minmay_misc_feat_diagonals,
          roderic_roman_lattice
D:2:      uniq_natasha
D:3:      first_bread
D:4:      st_stairs_1, kennysheep_generic_room_10, uniq_eustachio, uniq_sigmund
D:5:      kennysheep_little_box, lemuel_crystal_altar, minmay_fountain_box,
          lemuel_angel_altar
D:6:      nicolae_overflow_crystal_walls, minmay_temple_entry_glass
D:8:      grunt_ogre_cave, uniq_grum
Temple:   regret_index_temple_mists

Skill      XL: |  1  2  3  4  5  6  7  8  9 |
---------------+----------------------------+-----
Conjurations   | 3 4 5 6 |  6.4
Spellcasting   | 3 4 5 6 8 9 |  9.1
Dodging        | 4 5 6 7 8 10 | 10.9
Stealth        | |  3.0

Action                   |  1- 3 |  4- 6 |  7- 9 || total
-------------------------+-------+-------+-------++-------
Melee: Whip              |    24 |    26 |     8 ||    58
       Staff             |       |       |     3 ||     3
 Cast: Magic Dart        |    60 |    73 |   188 ||   321
       Searing Ray       |     2 |    14 |    40 ||    56
       Iskenderun's Myst |       |       |    16 ||    16
       Dazzling Spray    |       |       |     1 ||     1
  Use: Scroll            |       |       |     4 ||     4
  Eat: Royal jelly       |       |       |     3 ||     3
       Fruit             |       |       |     2 ||     2
Armor: Robe              |     2 |     3 |       ||     5
Dodge: Dodged            |    34 |    35 |   126 ||   195
